 Dungeon Crawl Stone Soup version 0.30-a0-1008-g30c9307041 (webtiles) character file.

Game seed: 16647361326101301687

289562 jasper the Eclecticist (level 19, -9/140 HPs)
             Began as a Demonspawn Venom Mage on Apr 5, 2023.
             Was the Champion of Jiyva.
             Mangled by Mennas
             ... wielding a +2 eudemon blade of holy wrath
              (37 damage)
             ... on level 3 of the Vaults.
             The game lasted 01:39:14 (32165 turns).

jasper the Eclecticist (Demonspawn Venom Mage)     Turns: 32165, Time: 01:39:15

Health: -9/140     AC:  8    Str:  7    XL:     19   Next: 91%
Magic:  39/39      EV: 25    Int: 45    God:    Jiyva [******]
Gold:   300        SH: 23    Dex: 36    Spells: 1/50 levels left

rFire   + + .      SeeInvis +    c - staff of air "Fujeuxu" {Contam rElec rF++ Int+2 SInv}
rCold   . . .      Faith    .    K - +5 Storm Queen's Shield {shock, Fly rElec}
rNeg    . . .      Spirit   .    f - +1 robe of Vines {NoPotionHeal Regen++++}
rPois   .          Reflect  .    (helmet unavailable)
rElec   +          Rampage  .    X - +0 cloak
rCorr   +          Clarity  +    e - +2 pair of gloves
Will    +....                    r - +0 pair of boots of Bassy {*Slow Int+5 Dex+8 Stlth-}
Stlth   ++                       w - amulet of Makhleb's Supremacy {RegenMP Regen+ Dex+2}
HPRegen 6.03/turn                Y - +6 ring of intelligence
MPRegen 1.16/turn                g - +6 ring of intelligence

@: swift, marked, flying, glowing, studying Spellcasting, silenced, quick
A: antennae 3, thin skeletal structure 3, foul stench 2, spiny 2, bedeviling,
hooves 1, agile 2, clarity, clever 1, mutation resistance 2, gelatinous body 1,
pseudopods 2, jelly absorbing missiles, sturdy frame 1
}: 2/15 runes: barnacled, slimy
a: Renounce Religion


You were on level 3 of the Vaults.
You worshipped Jiyva.
Jiyva was exalted by your worship.
You visited 7 branches of the dungeon, and saw 37 of its levels.
You visited the Abyss 2 times.
You also visited: Trove, Sewer, Bailey and Volcano.

You collected 2614 gold pieces.
You spent 2314 gold pieces at shops.

Inventory:

Hand Weapons
 b - the +7 captain's cutlass {speed, disarm}
   (You found it on level 5 of the Lair of Beasts)
Missiles
 d - 5 curare-tipped darts
 A - 6 atropa-tipped darts
 L - 5 throwing nets
Armour
 e - a +2 pair of gloves (worn)
 f - the +1 robe of Vines (worn) {NoPotionHeal Regen++++}
   (You found it on level 5 of the Lair of Beasts)

   NoPotionHeal: Its wearer cannot be healed by potions.
   Regen:     It increases your rate of health regeneration.
 r - the +0 pair of boots of Bassy (worn) {*Slow Int+5 Dex+8 Stlth-}
   (You found it on level 1 of the Vaults)

   Int:       It affects your intelligence (+5).
   Dex:       It affects your dexterity (+8).
   *Slow:     It may slow you when you take damage.
   Stlth:     It makes you less stealthy.
 K - the +5 Storm Queen's Shield (worn) {shock, Fly rElec}
   (You found it on level 3 of the Elven Halls)

   Shock:     When it blocks an attack, it may electrocute the attacker.
   This works even against foes who are a short distance away.
   rElec:     It insulates you from electricity.
   Fly:       It grants you flight.
 P - the +3 robe of Clouds {*Thunder rCloud rElec}
   (You took it off a deep elf sorcerer on level 3 of the Elven Halls)

   *Thunder:  It occasionally creates storm clouds above nearby enemies.
   rCloud:    It grants its wearer immunity to clouds.
   rElec:     It insulates you from electricity.
 X - a +0 cloak (worn)
Magical Staves
 c - the staff of air "Fujeuxu" (weapon) {Contam rElec rF++ Int+2 SInv}
   (You found it on level 4 of the Shoals)

   [staff of air]

   Base accuracy: +5 Base damage: 5 Base attack delay: 1.2 This weapon's minimum
   attack delay (0.6) is reached at skill level 12.
   Int:       It affects your intelligence (+2).
   rF:        It greatly protects you from fire.
   rElec:     It insulates you from electricity.
   SInv:      It lets you see invisible.
   Contam:    It causes magical contamination when unequipped.
   It falls into the 'Staves' category.
   It is a one-handed weapon.
 Z - the staff of poison "Soreogi" {rPois Int+3}
   (You found it on level 5 of the Pits of Slime)

   [staff of poison]

   Base accuracy: +5 Base damage: 5 Base attack delay: 1.2 This weapon's minimum
   attack delay (0.6) is reached at skill level 12.
   Int:       It affects your intelligence (+3).
   rPois:     It protects you from poison.
   It falls into the 'Staves' category.
   It is a one-handed weapon.
Jewellery
 g - a +6 ring of intelligence (right hand)
 i - the ring of Apesijaq {Fire rN++ Str+4 Dex-2 SInv}
   (You found it in a treasure trove)

   [ring of fire]

   It enhances your fire magic.
   Str:       It affects your strength (+4).
   Dex:       It affects your dexterity (-2).
   rF:        It protects you from fire.
   rC:        It makes you vulnerable to cold.
   rN:        It greatly protects you from negative energy.
   SInv:      It lets you see invisible.
 w - the amulet of Makhleb's Supremacy (around neck) {RegenMP Regen+ Dex+2}
   (You found it on level 1 of the Shoals)

   [amulet of magic regeneration]

   It increases your rate of magic regeneration.
   Dex:       It affects your dexterity (+2).
   Regen:     It increases your rate of health regeneration.
 B - the ring "Vaoj" {Wiz rF+}
   (You acquired it on level 10 of the Dungeon)

   [ring of wizardry]

   It improves your spell success rate.
   rF:        It protects you from fire.
 N - a ring of protection from fire
 O - the dreamshard necklace {*Dream Drain}
   (You took it off a deep elf sorcerer on level 3 of the Elven Halls)

   [amulet of nothing]

   *Dream:    It shatters if its wearer takes lethal or near-lethal damage,
   preventing the blow and releasing protective dreams that heal and fight for
   the wearer.
   Drain:     It drains your maximum health when unequipped.
 R - the ring of the Ancients {rN+ rCorr Str+6}
   (You took it off a deep elf death mage on level 3 of the Elven Halls)

   [ring of strength]

   Str:       It affects your strength (+6).
   rN:        It protects you from negative energy.
   rCorr:     It protects you from acid and corrosion.
 Y - a +6 ring of intelligence (left hand)
Wands
 h - a wand of charming (8)
 m - a wand of iceblast (22)
 y - a wand of polymorph (6)
 D - a wand of digging (6)
 J - a wand of flame (41)
Scrolls
 k - 3 scrolls of fog
 o - 5 scrolls of immolation
 x - a scroll of butterflies
 F - 6 scrolls of amnesia
 G - 3 scrolls of blinking
 Q - 2 scrolls of silence
 S - 9 scrolls of teleportation
 T - 3 scrolls of identify
 U - a scroll of fear
 V - 5 scrolls of poison
 W - a scroll of magic mapping
Potions
 a - 5 potions of resistance
 j - 4 potions of mutation
 l - 2 potions of invisibility
 n - 6 potions of lignification
 p - 5 potions of haste
 q - 5 potions of heal wounds
 s - 6 potions of degeneration
 u - 4 potions of brilliance
 v - 4 potions of cancellation
 z - 5 potions of might
 C - 4 potions of flight
 E - 10 potions of curing
 H - 6 potions of attraction
 I - 3 potions of ambrosia
 M - 2 potions of berserk rage


   Skills:
 - Level 10.0 Fighting
 - Level 4.0 Armour
 - Level 10.0 Dodging
 - Level 1.7 Stealth
 - Level 15.0 Shields
 + Level 16.4 Spellcasting
 + Level 15.9 Conjurations
 - Level 8.0 Transmutations
 * Level 14.7 Air Magic
 - Level 5.0 Earth Magic
 - Level 11.0 Poison Magic


You had one spell level left.
You knew the following spells:

 Your Spells              Type           Power      Damage    Failure   Level
a - Sublimation of Blood  Necr           36%        N/A       1%          2
b - Poisonous Vapours     Pois/Air       100%       N/A       0%          2
c - Mephitic Cloud        Conj/Pois/Air  100%       N/A       0%          3
d - Olgreb's Toxic Radia  Pois           94%        N/A       1%          4
e - Arcjolt               Conj/Air       66%        1d76      1%          5
f - Iron Shot             Conj/Erth      46%        9d9       2%          6
g - Swiftness             Air            100%       N/A       0%          3
h - Apportation           Tloc           72%        N/A       1%          1
i - Eringya's Noxious Bo  Tmut/Pois      44%        N/A       3%          6
j - Ignite Poison         Fire/Tmut/Pois 76%        N/A       1%          3
k - Maxwell's Capacitive  Air            65%        ∞         17%         8
l - Statue Form           Tmut/Erth      51%        N/A       12%         6

Your spell library contained the following spells:

 Spells                   Type           Power      Damage    Failure   Level
 Magic Dart               Conj           100%       1d8       0%          1
 Necrotise                Necr           100%       1d9       1%          1
 Slow                     Hex            100%       N/A       1%          1
 Sting                    Tmut/Pois      100%       1d8       1%          1
 Summon Small Mammal      Summ           100%       N/A       1%          1
 Searing Ray              Conj           100%       2d8       0%          2
 Call Imp                 Summ           36%        N/A       1%          2
 Cigotuvi's Dreadful Rot  Necr/Pois/Air  100%       N/A       1%          2
 Ensorcelled Hibernation  Hex/Ice        100%       N/A       1%          2
 Lesser Beckoning         Tloc           72%        N/A       1%          2
 Dazzling Flash           Conj/Hex       100%       N/A       1%          3
 Spider Form              Tmut/Pois      89%        N/A       1%          3
 Vhi's Electric Charge    Tloc/Air       100%       N/A       1%          3
 Fulminant Prism          Conj/Hex       52%        3d22      1%          4
 Iskenderun's Mystic Bla  Conj/Tloc      83%        2d16      1%          4
 Petrify                  Tmut/Erth      77%        N/A       1%          4
 Blade Hands              Tmut           41%        N/A       1%          5
 Freezing Cloud           Conj/Ice/Air   57%        6-21      1%          5
 Irradiate                Conj/Tmut      49%        3d28      1%          5
 Iskenderun's Battlesphe  Conj           100%       2d15      1%          5
 Call Canine Familiar     Summ           36%        N/A       3%          3
 Confusing Touch          Hex            53%        N/A       3%          3
 Gell's Gravitas          Tloc           36%        N/A       3%          3
 Ozocubu's Armour         Ice            36%        N/A       3%          3
 Portal Projectile        Hex/Tloc       100%       N/A       3%          3
 Teleport Other           Tloc           36%        N/A       3%          3
 Vampiric Draining        Necr           36%        2d8       3%          3
 Volatile Blastmotes      Fire/Tloc      72%        2d16      3%          3
 Animate Armour           Summ/Erth      100%       N/A       4%          4
 Leda's Liquefaction      Hex/Erth       36%        N/A       4%          4
 Lee's Rapid Deconstruct  Erth           35%        3d18*     4%          5
 Starburst                Conj/Fire      41%        6d12      7%          6
 Storm Form               Tmut/Air       59%        N/A       9%          7
 Anguish                  Hex/Necr       26%        N/A       11%         4
 Cause Fear               Hex            26%        N/A       11%         4
 Manifold Assault         Tloc           36%        N/A       11%         4
 Metabolic Englaciation   Hex/Ice        26%        N/A       30%         5
 Dragon Form              Tmut           41%        N/A       34%         7
 Spellforged Servitor     Conj/Summ      41%        N/A       36%         7
 Dispersal                Tloc           18%        N/A       86%         6
 Simulacrum               Ice/Necr       18%        N/A       86%         6
 Summon Cactus Giant      Summ           18%        N/A       86%         6
 Enfeeble                 Hex            26%        N/A       100%        7
 Ozocubu's Refrigeration  Ice            18%        4d11      100%        7
 Disjunction              Tloc           18%        N/A       100%        8
 Dragon's Call            Summ           18%        N/A       100%        9
 Fire Storm               Conj/Fire      41%        8d11      100%        9


Dungeon Overview and Level Annotations

Branches:
Dungeon (15/15)            Temple (0/1) D:7            Lair (5/5) D:11
 Shoals (4/4) Lair:2        Snake (0/4) Lair:2        Slime (5/5) Lair:4
    Orc (2/2) D:12            Elf (3/3) Orc:2        Vaults (3/5) D:13
 Depths (0/4) D:15          Sewer (visited)          Bailey (visited)
Volcano (visited)
  Crypt: Vaults:2-3

Altars:
Cheibriados
Makhleb
Ru
Sif Muna
Yredelemnul
Jiyva

Shops:
D:5 =[   D:7 ?   D:8 *   D:15 !   Orc:1 :(   Orc:2 ?=*=   Elf:3 =:=
Shoals:1 *   Shoals:3 *   Vaults:2 [

Annotations:
D:4 1 runed translucent door, ytrimaz's ghost, novice FoFi
Lair:2 1 runed translucent door, Rudyous's ghost, journeyman DjFE
Slime:5 Royal Jelly
Elf:2 3 runed translucent doors
Vaults:3 Mennas


Innate Abilities, Weirdness & Mutations

You have a pair of large antennae on your head. (SInv)
You have an unnaturally thin skeletal structure. (Dex +6, Stealth+++)
You sometimes emit foul miasma when damaged in melee.
You are mostly covered in sharp spines.
Your hexes are more powerful.
You have large cloven feet.
You are very agile. (Dex +8, Str/Int -2)
You possess an exceptional clarity of mind.
Your mind is acute. (Int +4, Str/Dex -1)
You are somewhat resistant to both further mutation and mutation removal.
Your rubbery body absorbs attacks. (AC +1, EV +1)
Armour fits poorly on your large pseudopods.
You have a small jelly attached to you that may absorb projectiles.
Your movements are slightly less encumbered by armour. (ER -2)


Message History

You kill the centaur warrior!
The centaur warrior shoots an arrow.
The arrow misses you.
The centaur warrior shoots an arrow.
The arrow misses you.
A deep troll comes into view.
An ironbound convoker comes into view.
It is wielding a +0 morningstar, wearing a +1 scale mail of fire resistance and carrying a wand of light (4).
A deep troll comes into view.
The ironbound convoker gestures at the deep troll while chanting.
The deep troll seems to grow stronger.
A fire giant comes into view.
It is wielding a +1 great sword of flaming.
The fire giant gestures at you while chanting.
The bolt of fire hits the deep troll!!!
The bolt of fire misses you.
The vault sentinel blows a loud note on a signal horn!
You regained 7 hp, and now have 100/140 hp.
A vault sentinel comes into view.
It is wielding a +0 falchion and wearing a +0 scale mail of cold resistance.
You see here a +3 shortbow.
You regained 5 hp, and now have 105/140 hp.
MP restored: 39 A vault sentinel comes into view.
It is wielding a +0 long sword.
The vault sentinel blows a loud note on a signal horn!
The vault sentinel shoots a bolt.
You block the bolt.
The centaur warrior unwields a +0 shortbow.
You block the centaur warrior's attack.
Your shield discharges, shocking the centaur warrior!
You kill the centaur warrior!
Mennas hits you with a +2 eudemon blade of holy wrath!!
You convulse!
Mennas hits you with a +2 eudemon blade of holy wrath!
You convulse.
You take 42 damage, and have 63/140 hp.
MASSIVE DAMAGE!!
You hit the deep troll but do no damage.
You bludgeon the deep troll, but do no damage.
The deep troll is almost dead.
The deep troll bites you! You block the deep troll's attack.
Your shield discharges, shocking the deep troll!
You kill the deep troll!
The troll leather armour is intact enough to wear.
Mennas hits you with a +2 eudemon blade of holy wrath!!
* * * LOW HITPOINT WARNING * * *
You convulse!!!
You die...

.......'...........#
.......#####'#########'#
.......##...p..........#
#########..............#
......# #..............#
..#...# #..............#
#..##.# #.....)........#
#.....# #....).)A.<....#
#...#.# #......)@pCp.p.#
.##...# #...........T.p'
......# #..............#
####### #.......p......#
#..............# #######
#..............# .##...#
#..............' ##....#
########'####### #....##


You could see Mennas (silencing), a fire giant, an ironbound frostheart, a deep
troll (strong), 3 vault sentinels and 2 ironbound convokers.

Vanquished Creatures
  Frederick (Vaults:2)
  Jory (Vaults:2)
  A profane servitor (Abyss:3)
  Rupert (D:15)
  A deep elf blademaster (Elf:3)
  A deep elf master archer (Elf:3)
  Polyphemus (Shoals:4)
  A kraken (Shoals:2)
  3 tentacled starspawn (Abyss:3)
  Kirke (Shoals:4)
  3 sphinxes
  A tengu reaver (Vaults:1)
  A revenant (Abyss:3)
  Roxanne (Shoals:1)
  6 vault wardens
  10 deep elf sorcerers (Elf:3)
  An orc warlord (Vaults:1)
  7 deep elf elementalists
  A cacodemon (Abyss:3)
  6 ironbound thunderhulks
  6 ironbound preservers
  3 very ugly things (Vaults:1)
  A war gargoyle (Vaults:2)
  A reaper (Abyss:3)
  2 stone giants
  Nessos (D:13)
  6 deep elf demonologists (Elf:3)
  A red draconian (Volcano)
  8 dire elephants (Vaults:1)
  3 deep elf annihilators (Elf:3)
  3 minotaurs (Shoals:4)
  3 deep elf death magi (Elf:3)
  2 crystal guardians
  4 deep elf high priests (Elf:3)
  4 yaktaur captains (Vaults:1)
  8 merfolk impalers
  An entropy weaver (Vaults:1)
  A merfolk javelineer (Shoals:2)
  Fannar (Lair:2)
  8 hydras
  A peacekeeper (Vaults:2)
  Erolcha (D:10)
  A rakshasa (Abyss:3)
  An ogre mage (Orc:1)
  7 centaur warriors
  A catoblepas (Shoals:4)
  A vault guard (Vaults:1)
  4 boulder beetles
  Erica (Lair:2)
  2 alligator snapping turtles
  22 dancing weapons
  4 death yaks
  4 ironbound frosthearts
  8 two-headed ogres
  15 satyrs
  4 merfolk aquamancers
  5 merfolk avatars
  2 tengu warriors (D:14)
  13 deep elf knights
  6 thrashing horrors (Abyss:3)
  A soul eater (Abyss:3)
  An orc high priest (Orc:2)
  Sonja (D:10)
  3 skysharks
  A sixfirhy (Abyss:3)
  2 wretched stars (Abyss:3)
  4 skeletal warriors (D:14)
  A salamander mystic (Volcano)
  8 sea snakes
  2 obsidian statues
  10 deep elf archers
  6 ironbound convokers
  13 deep trolls
  2 wizards (Vaults:1)
  A necromancer (Vaults:1)
  15 harpies
  18 deep elf pyromancers
  10 lindwurms
  2 orc knights
  20 deep elf zephyrmancers
  14 ugly things
  6 orc sorcerers
  An oklob plant (Lair:5)
  6 cyclopes
  8 elephants
  13 fauns
  16 manticores
  Maurice (D:12)
  2 salamanders (Volcano)
  7 black mambas
  7 water nymphs
  8 merfolk sirens
  12 vault sentinels
  2 gargoyles
  Maggie (D:6)
  An orange demon (Abyss:3)
  12 cane toads
  A torpor snail (Lair:3)
  2 kobold demonologists
  16 yaktaurs
  An ancient zyme (Abyss:3)
  7 rime drakes
  8 komodo dragons
  2 efreet (Abyss:3)
  25 merfolk
  3 meliai (D:15)
  2 harpy zombies (Abyss:3)
  2 trolls
  Grinder (D:6)
  7 wind drakes
  4 polar bears
  2 hornets
  A raiju (Abyss:3)
  41 blink frogs
  2 large abominations (Abyss:3)
  7 dream sheep
  11 snapping turtles
  Sigmund (D:5)
  3 flying skulls (Abyss:3)
  A deep troll skeleton (Vaults:1)
  14 water elementals
  2 ynoxinuls (Abyss:3)
  A culicivora (shapeshifter) (D:15)
  An ettin skeleton (Abyss:3)
  A vampire (D:11)
  An elf zombie (Vaults:1)
  3 fire bats (Volcano)
  4 basilisks
  29 yaks
  6 wyverns
  A fire elemental (Elf:1)
  7 hogs (Shoals:4)
  4 starcursed masses (Abyss:3)
  Grum (Lair:1)
  2 wraiths
  15 humans (D:13)
  A chaos spawn (Elf:3)
  A neqoxec (Abyss:3)
  2 steam dragons
  6 vampire mosquitoes
  4 nagas (Lair:2)
  4 small abominations
  A warg (Orc:2)
  3 acid dragons
  12 water moccasins
  23 orc warriors
  A sky beast (D:7)
  3 ice beasts
  12 centaurs
  4 ogres
  An ettin simulacrum (Vaults:3)
  9 wolves
  A phantom (D:5)
  2 kobold brigands
  10 bullfrogs
  3 gnoll sergeants
  A necrophage (D:7)
  3 scorpions
  An earth elemental (Elf:1)
  9 wights
  9 killer bees
  5 howler monkeys
  6 lava snakes (Volcano)
  5 hounds
  5 jellies
  20 orc priests
  An iron imp (Abyss:3)
  2 gnoll boudas (D:8)
  A human zombie (D:7)
  2 sleepcaps (D:7)
  An iguana (D:6)
  29 orc wizards
  2 killer bee zombies (D:7)
  2 mummies (D:7)
  Robin (D:2)
  14 adders
  29 gnolls
  2 river rats (Sewer)
  3 white imps
  3 ufetubi
  7 worms
  A dart slug (D:1)
  58 orcs
  16 ball pythons
  13 endoplasms
  10 giant cockroaches
  22 goblins
  9 hobgoblins
  6 jackals (D:1)
  16 kobolds
  5 quokkas
  14 bats
  2 frilled lizards (D:1)
  12 rats
  3 bushes (D:13)
  3 starspawn tentacles (Abyss:3)
  2 tentacles (Shoals:2)
1157 creatures vanquished.

Vanquished Creatures (collateral kills)
  Nikola (Vaults:1)
  Donald (Slime:1)
  A deep elf sorcerer (Elf:3)
  An orc warlord (Bailey)
  2 deep elf annihilators (Elf:3)
  A deep elf death mage (Elf:3)
  A blizzard demon (Abyss:3)
  A catoblepas (Lair:3)
  2 death yaks (Lair:1)
  A deep elf knight (Elf:2)
  A deep elf zephyrmancer (Elf:2)
  A deep elf archer (Elf:1)
  A deep elf pyromancer (Elf:1)
  An ugly thing (Vaults:1)
  2 fauns (Shoals:1)
  A merfolk siren (Shoals:1)
  A cane toad (Lair:3)
  A yaktaur (Vaults:1)
  A merfolk (Shoals:4)
  A blink frog (Lair:3)
  2 large abominations (Abyss:3)
  A starcursed mass (Abyss:3)
26 creatures vanquished.

Vanquished Creatures (others)
  A deep elf sorcerer (Elf:3)
  A deep elf annihilator (Vaults:3)
  A deep elf death mage (Elf:3)
  4 great orbs of eyes
  A hydra (D:13)
  A peacekeeper (Vaults:3)
  A dancing weapon (Elf:2)
  Urug (D:13)
  A deep troll (Vaults:3)
  2 glowing orange brains
  3 deep elf pyromancers
  An ironbound convoker (Vaults:1)
  2 lindwurms (Vaults:3)
  An ugly thing (D:14)
  2 merfolk sirens
  A gargoyle (D:13)
  A yaktaur (Vaults:1)
  A troll (D:13)
  A raiju (Elf:3)
  An ettin skeleton (Vaults:1)
  A ynoxinul (Elf:3)
  17 slime creatures
  2 yaks
  A large abomination (Abyss:3)
  2 golden eyes (Abyss:3)
  A human (D:13)
  A floating eye (shapeshifter) (Elf:1)
  An ogre (Orc:2)
  2 bullfrogs
  A gnoll sergeant (D:10)
  A scorpion (D:5)
  A wight (D:7)
  A howler monkey (D:13)
  121 jellies
  An orc priest (Orc:2)
  2 iguanas
  A sleepcap (D:6)
  3 orc wizards
  A gnoll (D:10)
  A white imp (Vaults:3)
  An ufetubus (D:7)
  9 orcs
  A goblin (Bailey)
  10 kobolds
  A bush (D:13)
  51 fungi
  134 plants
  18 starspawn tentacles (Abyss:3)
  2 tentacles (Shoals:2)
417 creatures vanquished.

Grand Total: 1600 creatures vanquished

Notes
Turn   | Place    | Note
-------+----------+-------------------------------------------
     0 | D:1      | jasper the Demonspawn Venom Mage began the quest for the
                  | Orb.
     0 | D:1      | Reached XP level 1. HP: 13/13 MP: 3/3
   212 | D:1      | Gained mutation: You may rarely emit foul miasma when
                  | damaged in melee. [demonic ancestry]
   212 | D:1      | Reached XP level 2. HP: 19/19 MP: 0/5
   299 | D:1      | Learned a level 2 spell: Poisonous Vapours
   799 | D:1      | Gained mutation: You have a somewhat thin skeletal
                  | structure. (Dex +2, Stealth+) [demonic ancestry]
   799 | D:1      | Reached XP level 3. HP: 24/24 MP: 1/6
  1512 | D:2      | Found a faded altar of an unknown god.
  1514 | D:2      | Noticed Robin
  1726 | D:2      | Learned a level 3 spell: Mephitic Cloud
  1755 | D:2      | Reached XP level 4. HP: 30/30 MP: 1/7
  2235 | D:2      | Reached skill level 5 in Poison Magic
  2339 | D:2      | Identified the +1 leather armour "Roim" {Slay+6 SInv}
  2473 | D:2      | Killed Robin
  2543 | D:2      | Reached skill level 1 in Conjurations
  2543 | D:2      | Reached skill level 1 in Air Magic
  3264 | D:3      | Reached XP level 5. HP: 35/35 MP: 0/8
  4266 | D:4      | Found a runed translucent door.
  4272 | D:4      | Gained mutation: You are partially covered in sharp spines.
                  | [demonic ancestry]
  4272 | D:4      | Reached XP level 6. HP: 41/41 MP: 4/9
  4510 | D:4      | Identified the +4 scale mail of Courage {rCorr Int-5 Dex+5}
  4592 | D:4      | Found a glowing drain.
  4601 | Sewer    | Entered a sewer
  4784 | Sewer    | Gained mutation: You have a pair of small antennae on your
                  | head. [demonic ancestry]
  4784 | Sewer    | Reached XP level 7. HP: 31/46 MP: 8/10
  4789 | Sewer    | Learned a level 4 spell: Olgreb's Toxic Radiance
  4883 | Sewer    | Found a viscous altar of Jiyva.
  4957 | Sewer    | Became a worshipper of Jiyva Jirossec the Shapeless
  5085 | D:4      | Noticed ytrimaz's ghost (novice FoFi)
  5276 | D:4      | Reached skill level 1 in Fighting
  5276 | D:4      | Reached skill level 1 in Armour
  5442 | D:5      | Entered Level 5 of the Dungeon
  5528 | D:5      | Found Coloewi's Armour Boutique.
  5535 | D:5      | Reached skill level 3 in Spellcasting
  5832 | D:5      | Gained mutation: You have a pair of antennae on your head.
                  | [demonic ancestry]
  5832 | D:5      | Reached XP level 8. HP: 55/55 MP: 9/12
  5850 | D:5      | Reached * piety under Jiyva
  5870 | D:5      | Found a shimmering blue altar of Sif Muna.
  5912 | D:5      | Noticed Sigmund
  5923 | D:5      | Killed Sigmund
  5924 | D:5      | Reached skill level 4 in Spellcasting
  6108 | D:5      | Found Zoam's Jewellery Boutique.
  6376 | D:6      | Reached ** piety under Jiyva
  6485 | D:6      | Noticed Grinder
  6793 | D:6      | Noticed Maggie
  6845 | D:6      | Killed Maggie
  6869 | D:6      | Reached *** piety under Jiyva
  6869 | D:6      | Gained mutation: You have a pair of large antennae on your
                  | head. (SInv) [Jiyva's grace]
  6869 | D:6      | Gained mutation: Your flesh is heat resistant. (rF+)
                  | [Jiyva's grace]
  6869 | D:6      | Gained mutation: Your flesh is very heat resistant. (rF++)
                  | [Jiyva's grace]
  6869 | D:6      | Gained mutation: Your flesh is almost immune to the effects
                  | of heat. (rF+++) [Jiyva's grace]
  6933 | D:6      | Killed Grinder
  6934 | D:6      | Reached skill level 5 in Spellcasting
  7615 | D:7      | Reached XP level 9. HP: 64/64 MP: 14/16
  7714 | D:7      | Found a staircase to the Ecumenical Temple.
  7715 | D:7      | Reached **** piety under Jiyva
  7951 | D:7      | Found The Oracle's Delphic Readings.
  8129 | D:7      | Reached skill level 6 in Spellcasting
  8388 | D:7      | Found a basalt altar of Yredelemnul.
  8505 | D:8      | Reached skill level 5 in Dodging
  8505 | D:8      | Reached skill level 7 in Spellcasting
  8508 | D:8      | Reached skill level 5 in Fighting
  8576 | D:8      | Found Wauxuang's CLEARANCE SALE!.
  8588 | D:8      | Bought a scroll of teleportation for 18 gold pieces
  8701 | D:8      | Reached XP level 10. HP: 63/74 MP: 17/21
  8765 | D:8      | Reached ***** piety under Jiyva
  8805 | D:8      | Identified the +1 dagger of Toothy Optimality {holy, rElec
                  | Str+2}
  8873 | D:8      | Lost mutation: You have a pair of large antennae on your
                  | head. (SInv) [Jiyva's grace]
  8873 | D:8      | Lost mutation: Your flesh is almost immune to the effects
                  | of heat. (rF+++) [Jiyva's grace]
  8873 | D:8      | Gained mutation: Your spells are a little harder to cast,
                  | but a little more powerful. [Jiyva's grace]
  8873 | D:8      | Gained mutation: Your spells are harder to cast, but more
                  | powerful. [Jiyva's grace]
  8873 | D:8      | Gained mutation: Your spells are much harder to cast, but
                  | much more powerful. [Jiyva's grace]
  8873 | D:8      | Gained mutation: You have a small jelly attached to you
                  | that may absorb projectiles. [Jiyva's grace]
  8892 | D:8      | Reached skill level 8 in Spellcasting
  9127 | D:9      | Found a snail-covered altar of Cheibriados.
  9331 | D:9      | Reached skill level 9 in Spellcasting
  9681 | D:9      | Reached skill level 1 in Shields
  9791 | D:9      | Gained mutation: You are mostly covered in sharp spines.
                  | [demonic ancestry]
  9791 | D:9      | Reached XP level 11. HP: 83/83 MP: 24/24
 10196 | D:10     | Entered Level 10 of the Dungeon
 10232 | D:10     | Found a flagged portal.
 10260 | D:10     | Noticed Erolcha
 10264 | Bailey   | Entered a bailey
 10297 | Bailey   | Noticed an orc warlord
 10338 | Bailey   | Found a runed translucent gate.
 10338 | Bailey   | Found a runed translucent gate.
 10340 | Bailey   | Found a runed translucent gate.
 10421 | Bailey   | Killed an orc warlord
 10425 | Bailey   | Reached XP level 12. HP: 54/91 MP: 22/25
 10432 | Bailey   | Learned a level 5 spell: Arcjolt
 10439 | Bailey   | Learned a level 6 spell: Iron Shot
 10597 | D:10     | Identified a scroll of acquirement
 10597 | D:10     | Acquired the ring "Vaoj" {Wiz rF+}
 10625 | D:10     | Got Duaded's Omnibus of Ceraunoscopy
 10630 | D:10     | Learned a level 3 spell: Swiftness
 10670 | D:10     | Reached ****** piety under Jiyva
 10687 | D:10     | Reached skill level 10 in Spellcasting
 10697 | D:10     | Noticed Sonja
 10703 | D:10     | Killed Erolcha
 10749 | D:10     | Killed Sonja
 10867 | D:10     | Gained mutation: You have a small jelly attached to you
                  | that senses nearby items. [Jiyva's grace]
 10867 | D:10     | Gained mutation: Your flesh is cold resistant. (rC+)
                  | [Jiyva's grace]
 10867 | D:10     | Gained mutation: Your flesh is very cold resistant. (rC++)
                  | [Jiyva's grace]
 10867 | D:10     | Gained mutation: Your flesh is almost immune to the effects
                  | of cold. (rC+++) [Jiyva's grace]
 11257 | D:11     | Noticed a two-headed ogre
 11268 | D:11     | Killed a two-headed ogre
 11278 | D:11     | You fall into a shaft and drop 1 floor!
 11510 | D:11     | Found a staircase to the Lair.
 11833 | D:11     | Found Zin's Purification Station.
 11845 | D:11     | Bought a potion of curing for 90 gold pieces
 12051 | Lair:1   | Entered Level 1 of the Lair of Beasts
 12098 | Lair:1   | Found a burning altar of Makhleb.
 12221 | Lair:1   | Noticed Grum
 12232 | Lair:1   | Killed Grum
 12355 | Lair:1   | Noticed a death yak
 12355 | Lair:1   | Noticed a death yak
 12357 | Lair:1   | Noticed a death yak
 12358 | Lair:1   | Noticed a death yak
 12362 | Lair:1   | Killed a death yak
 12365 | Lair:1   | Killed a death yak
 12367 | Lair:1   | Killed a death yak
 12369 | Lair:1   | Killed a death yak
 12398 | Lair:1   | Gained mutation: You have a moderately thin skeletal
                  | structure. (Dex +4, Stealth++) [demonic ancestry]
 12398 | Lair:1   | Reached XP level 13. HP: 95/102 MP: 27/27
 12524 | Lair:1   | Lost mutation: Your flesh is almost immune to the effects
                  | of cold. (rC+++) [Jiyva's grace]
 12524 | Lair:1   | Gained mutation: You are strong-willed. (Will+) [Jiyva's
                  | grace]
 12524 | Lair:1   | Gained mutation: You are highly strong-willed. (Will++)
                  | [Jiyva's grace]
 12524 | Lair:1   | Gained mutation: You are extremely strong-willed. (Will+++)
                  | [Jiyva's grace]
 12524 | Lair:1   | Gained mutation: Your system is resistant to poisons.
                  | (rPois) [Jiyva's grace]
 13072 | Lair:2   | Reached skill level 10 in Fighting
 13152 | Lair:2   | Found a staircase to the Snake Pit.
 13158 | Lair:2   | Reached skill level 10 in Dodging
 13450 | Lair:2   | Noticed Fannar
 13464 | Lair:2   | Killed Fannar
 13500 | Lair:2   | Reached skill level 10 in Conjurations
 13607 | Lair:2   | Found a runed translucent door.
 13608 | Lair:2   | Noticed Rudyous's ghost (journeyman DjFE)
 13751 | Lair:2   | Noticed Erica
 13764 | Lair:2   | Killed Erica
 14061 | Lair:3   | Reached skill level 5 in Air Magic
 14182 | Lair:3   | Identified the amulet of the Everdark {Faith rC+ Slay+3}
 14282 | Lair:3   | Lost mutation: Your flesh is very heat resistant. (rF++)
                  | [Jiyva's grace]
 14282 | Lair:3   | Lost mutation: You are extremely strong-willed. (Will+++)
                  | [Jiyva's grace]
 14282 | Lair:3   | Gained mutation: You have sharp toenails. [Jiyva's grace]
 14282 | Lair:3   | Gained mutation: You have razor-sharp toenails. [Jiyva's
                  | grace]
 14282 | Lair:3   | Gained mutation: You have claws for feet. [Jiyva's grace]
 14282 | Lair:3   | Gained mutation: Your rubbery body absorbs attacks. (AC +1,
                  | EV +1) [Jiyva's grace]
 15062 | Lair:4   | Learned a level 1 spell: Apportation
 15211 | Lair:4   | Lost mutation: Your system is resistant to poisons. (rPois)
                  | [Jiyva's grace]
 15211 | Lair:4   | Lost mutation: You have a small jelly attached to you that
                  | may absorb projectiles. [Jiyva's grace]
 15211 | Lair:4   | Gained mutation: Your pliable body absorbs attacks. (AC +2,
                  | EV +2) [Jiyva's grace]
 15211 | Lair:4   | Gained mutation: Your gelatinous body deflects attacks. (AC
                  | +3, EV +3) [Jiyva's grace]
 15211 | Lair:4   | Gained mutation: You expend magic power (3 MP) to
                  | strengthen your wands. [Jiyva's grace]
 15211 | Lair:4   | Gained mutation: You have a small jelly attached to you
                  | that may absorb projectiles. [Jiyva's grace]
 15305 | Lair:4   | Found a viscous altar of Jiyva.
 15306 | Lair:4   | Found a staircase to the Slime Pits.
 15582 | Slime:1  | Entered Level 1 of the Pits of Slime
 15582 | Slime:1  | Noticed Donald
 15582 | Slime:1  | Noticed a quicksilver ooze
 15592 | Slime:1  | Killed Donald
 15593 | Slime:1  | Gained mutation: You have a pair of large antennae on your
                  | head. (SInv) [demonic ancestry]
 15593 | Slime:1  | Reached XP level 14. HP: 12/110 MP: 23/28
 15691 | Slime:4  | Noticed a rockslime
 15695 | Slime:4  | Noticed an acid blob
 15737 | Slime:4  | Noticed an acid blob
 15739 | Slime:4  | Noticed a quicksilver ooze
 15741 | Slime:4  | Noticed a quicksilver ooze
 15743 | Slime:5  | Entered Level 5 of the Pits of Slime
 15743 | Slime:5  | Noticed an acid blob
 15764 | Slime:5  | Noticed an acid blob
 15772 | Slime:5  | Noticed an azure jelly
 15774 | Slime:5  | Noticed an acid blob
 15777 | Slime:5  | Noticed an acid blob
 15790 | Slime:5  | Found a viscous altar of Jiyva.
 15790 | Slime:5  | Noticed an acid blob
 15791 | Slime:5  | Noticed an acid blob
 15792 | Slime:5  | Noticed an acid blob
 15793 | Slime:5  | Noticed the Royal Jelly
 15794 | Slime:5  | Noticed an acid blob
 15796 | Slime:5  | Noticed an acid blob
 15798 | Slime:5  | Noticed an acid blob
 15799 | Slime:5  | Got the Essays on the Faeries
 15804 | Slime:5  | Got Fyblitost's Cyclopedia of the Many Coins
 15806 | Slime:5  | Identified the +2 acid dragon scales "Atotwa" {rCorr Int+3}
 15818 | Slime:5  | Got the Meditations on the Entourage
 15828 | Slime:5  | Identified the ring "Aloged" {rF+ Int-3 SInv Stlth+}
 15840 | Slime:5  | Got a slimy rune of Zot
 15841 | Slime:5  | Identified the staff of poison "Soreogi" {rPois Int+3}
 15861 | Slime:5  | Learned a level 6 spell: Eringya's Noxious Bog
 15898 | Slime:3  | Noticed a rockslime
 15898 | Slime:3  | Noticed a quicksilver ooze
 16202 | Lair:4   | Reached skill level 1 in Transmutations
 16248 | Lair:5   | Entered Level 5 of the Lair of Beasts
 16440 | Lair:5   | Found a dark tunnel.
 16456 | Volcano  | Entered a volcano
 16588 | Volcano  | Found a burning altar of Makhleb.
 16592 | Volcano  | Reached skill level 5 in Transmutations
 16931 | Lair:5   | Found the +7 captain's cutlass {speed, disarm}
 17245 | Lair:5   | Found the +1 robe of Vines {NoPotionHeal Regen++++}
 17367 | D:12     | Reached skill level 10 in Poison Magic
 17509 | D:12     | Found a staircase to the Orcish Mines.
 17518 | Orc:1    | Entered Level 1 of the Orcish Mines
 17573 | Orc:1    | Lost mutation: You have claws for feet. [Jiyva's grace]
 17573 | Orc:1    | Lost mutation: Your flesh is heat resistant. (rF+) [Jiyva's
                  | grace]
 17573 | Orc:1    | Lost mutation: Your spells are much harder to cast, but
                  | much more powerful. [Jiyva's grace]
 17573 | Orc:1    | Lost mutation: You expend magic power (3 MP) to strengthen
                  | your wands. [Jiyva's grace]
 17573 | Orc:1    | Gained mutation: You are agile. (Dex +4, Str/Int -1)
                  | [Jiyva's grace]
 17573 | Orc:1    | Gained mutation: You are very agile. (Dex +8, Str/Int -2)
                  | [Jiyva's grace]
 17573 | Orc:1    | Lost mutation: You have razor-sharp toenails. [Jiyva's
                  | grace]
 17573 | Orc:1    | Lost mutation: You have sharp toenails. [Jiyva's grace]
 17573 | Orc:1    | Gained mutation: You have large cloven feet. [Jiyva's
                  | grace]
 17573 | Orc:1    | Gained mutation: You have hoof-like feet. [Jiyva's grace]
 17807 | D:5      | Bought a +6 ring of intelligence for 540 gold pieces
 18134 | Orc:1    | Found Ymihol's Self-Improvement Boutique.
 18186 | Orc:2    | Entered Level 2 of the Orcish Mines
 18231 | Orc:2    | Gained mutation: You have an unnaturally thin skeletal
                  | structure. (Dex +6, Stealth+++) [demonic ancestry]
 18231 | Orc:2    | Reached XP level 15. HP: 115/115 MP: 18/29
 18263 | Orc:2    | Found Ifer's Magic Scroll Emporium.
 18263 | Orc:2    | Found Vattuez's Assorted Antiques.
 18268 | Orc:2    | Found Jutal's Jewellery Shoppe.
 18270 | Orc:2    | Found Gotac's Jewellery Emporium.
 18273 | Orc:2    | Bought a scroll of teleportation for 45 gold pieces
 18273 | Orc:2    | Bought a scroll of fog for 60 gold pieces
 18273 | Orc:2    | Bought a scroll of teleportation for 45 gold pieces
 18276 | Orc:2    | Bought a scroll of fog for 84 gold pieces
 18276 | Orc:2    | Bought a metallic emerald potion for 18 gold pieces
 18352 | Orc:2    | Found a staircase to the Elven Halls.
 18729 | Orc:1    | Found Hiwoef's Weapon Shoppe.
 19073 | D:12     | Noticed Maurice
 19079 | D:12     | Killed Maurice
 19234 | D:13     | Noticed Urug
 19234 | D:13     | Noticed Nessos
 19234 | D:13     | Found a gate to the Vaults.
 19238 | D:13     | Killed Urug
 19239 | D:13     | Killed Nessos
 19276 | D:13     | Found the +13 scythe of Curses {drain, curses, Drain}
 19301 | D:13     | Identified the ring of Aneruysu {rC+ Slay+4}
 19313 | D:13     | Identified the +2 halberd of Dishonour {protect, rC+ rN+
                  | Str+4 Dex+3}
 19381 | D:13     | Lost mutation: You have hoof-like feet. [Jiyva's grace]
 19381 | D:13     | Lost mutation: You are very agile. (Dex +8, Str/Int -2)
                  | [Jiyva's grace]
 19381 | D:13     | Lost mutation: You are highly strong-willed. (Will++)
                  | [Jiyva's grace]
 19381 | D:13     | Gained mutation: You are somewhat resistant to further
                  | mutation. [Jiyva's grace]
 19381 | D:13     | Gained mutation: You are somewhat resistant to both further
                  | mutation and mutation removal. [Jiyva's grace]
 19381 | D:13     | Gained mutation: You are almost entirely resistant to
                  | further mutation and mutation removal. [Jiyva's grace]
 19381 | D:13     | Gained mutation: You possess an exceptional clarity of
                  | mind. [Jiyva's grace]
 19605 | D:13     | Identified the +0 leather armour "Nanoabla" {rF+ Str-3
                  | Dex+4}
 20088 | D:14     | Reached skill level 5 in Earth Magic
 20391 | D:14     | Acquired a staff of conjuration
 20459 | D:14     | Got the Discursus on the Evolved Inferno
 20560 | D:14     | Found a portal to a secret trove of treasure.
 20568 | D:14     | You showed the slimy rune of Zot to enter a treasure trove
 20569 | Trove    | Entered a treasure trove
 20577 | Trove    | Identified the amulet "Bisy" {Fly Regen+}
 20578 | Trove    | Identified the ring "Payd" {AC+4 Str+3}
 20582 | Trove    | Identified the amulet "Goofrur" {Spirit rC+ Will+}
 20590 | Trove    | Identified the ring "Fytsiel" {rN+ Dex+3 SInv}
 20592 | Trove    | Identified the ring of Apesijaq {Fire rN++ Str+4 Dex-2
                  | SInv}
 20594 | Trove    | Identified the ring of the Sun {rF- rC+ MP+9 Str+2}
 20598 | Trove    | Identified the amulet "Plog" {Reflect +Inv rCorr Dex+2
                  | SH+5}
 20676 | D:15     | Entered Level 15 of the Dungeon
 20688 | D:15     | Found a staircase to the Depths.
 21104 | D:15     | Found Akhus's Distillery.
 21110 | D:15     | Bought a potion of resistance for 160 gold pieces
 21110 | D:15     | Bought a potion of curing for 48 gold pieces
 21110 | D:15     | Bought a potion of heal wounds for 80 gold pieces
 21215 | D:15     | Noticed Rupert
 21237 | D:15     | Killed Rupert
 21412 | D:15     | Found a sacrificial altar of Ru.
 21610 | Shoals:1 | Entered Level 1 of the Shoals
 21626 | Shoals:1 | Lost mutation: Your flesh is very cold resistant. (rC++)
                  | [Jiyva's grace]
 21626 | Shoals:1 | Lost mutation: You are strong-willed. (Will+) [Jiyva's
                  | grace]
 21626 | Shoals:1 | Lost mutation: You are almost entirely resistant to further
                  | mutation and mutation removal. [Jiyva's grace]
 21626 | Shoals:1 | Gained mutation: Your mind is acute. (Int +4, Str/Dex -1)
                  | [Jiyva's grace]
 21626 | Shoals:1 | Gained mutation: Your mind is very acute. (Int +8, Str/Dex
                  | -2) [Jiyva's grace]
 21626 | Shoals:1 | Gained mutation: Armour fits poorly on your pseudopods.
                  | [Jiyva's grace]
 21626 | Shoals:1 | Gained mutation: Armour fits poorly on your large
                  | pseudopods. [Jiyva's grace]
 21939 | Shoals:1 | Identified the +4 falchion "Olaennyuhi" {freeze, rCorr
                  | Str+4}
 21951 | Shoals:1 | Found Juemoqaor's Gadget Gallery.
 22032 | Shoals:1 | Reached skill level 10 in Air Magic
 22066 | Shoals:1 | Identified Roxanne's Lessons on Shapeshifting
 22066 | Shoals:1 | Noticed Roxanne
 22074 | Shoals:1 | Killed Roxanne
 22202 | Shoals:1 | Identified the amulet of Makhleb's Supremacy {RegenMP
                  | Regen+ Dex+2}
 22473 | Elf:1    | Entered Level 1 of the Elven Halls
 22482 | Elf:1    | Reached XP level 16. HP: 122/122 MP: 28/30
 22550 | Elf:1    | Reached skill level 5 in Shields
 23357 | Elf:1    | Lost mutation: You have large cloven feet. [Jiyva's grace]
 23357 | Elf:1    | Lost mutation: You possess an exceptional clarity of mind.
                  | [Jiyva's grace]
 23357 | Elf:1    | Lost mutation: Your mind is very acute. (Int +8, Str/Dex
                  | -2) [Jiyva's grace]
 23357 | Elf:1    | Lost mutation: Your spells are harder to cast, but more
                  | powerful. [Jiyva's grace]
 23357 | Elf:1    | Lost mutation: Your gelatinous body deflects attacks. (AC
                  | +3, EV +3) [Jiyva's grace]
 23357 | Elf:1    | Lost mutation: Your pliable body absorbs attacks. (AC +2,
                  | EV +2) [Jiyva's grace]
 23357 | Elf:1    | Lost mutation: Armour fits poorly on your large pseudopods.
                  | [Jiyva's grace]
 23357 | Elf:1    | Lost mutation: You have a small jelly attached to you that
                  | senses nearby items. [Jiyva's grace]
 23357 | Elf:1    | Gained mutation: You possess an exceptional clarity of
                  | mind. [Jiyva's grace]
 23357 | Elf:1    | Gained mutation: Your pliable body absorbs attacks. (AC +2,
                  | EV +2) [Jiyva's grace]
 23357 | Elf:1    | Gained mutation: Your gelatinous body deflects attacks. (AC
                  | +3, EV +3) [Jiyva's grace]
 23357 | Elf:1    | Gained mutation: You are covered in slimy tendrils that may
                  | disarm your opponents. [Jiyva's grace]
 23746 | Elf:2    | Reached skill level 10 in Shields
 23782 | Elf:2    | Found a runed translucent gate.
 23783 | Elf:2    | Found a runed translucent gate.
 23783 | Elf:2    | Found a runed translucent gate.
 24064 | Elf:3    | Entered Level 3 of the Elven Halls
 24357 | Elf:3    | Learned a level 2 spell: Sublimation of Blood
 24419 | Abyss:3  | Cast into level 3 of the Abyss (a deep elf sorcerer)
 24507 | Abyss:3  | Gained mutation: Your magical capacity is low. (-10% MP) [a
                  | cacodemon]
 24548 | Abyss:3  | Noticed a tentacled starspawn
 24553 | Abyss:3  | Killed a tentacled starspawn
 24636 | Abyss:3  | Gained mutation: Your hexes are more powerful. [demonic
                  | ancestry]
 24636 | Abyss:3  | Reached XP level 17. HP: 90/128 MP: 15/27
 24742 | Abyss:3  | Noticed a hellephant
 24762 | Elf:3    | Escaped the Abyss
 24825 | Elf:3    | Found Giytheta's Jewellery Shoppe.
 24826 | Elf:3    | Found Sodau's Book Boutique.
 24828 | Elf:3    | Found Karasor's Jewellery Shoppe.
 24836 | Elf:3    | Bought a Trismegistus Codex for 442 gold pieces
 24840 | Elf:3    | Learned a level 3 spell: Ignite Poison
 25139 | Abyss:3  | Found a corrupted altar of Lugonu.
 25139 | Abyss:3  | Found a corrupted altar of Lugonu.
 25139 | Abyss:3  | Cast into level 3 of the Abyss (a deep elf sorcerer)
 25289 | Abyss:3  | Noticed a bone dragon
 25329 | Abyss:3  | Noticed a profane servitor
 25351 | Abyss:3  | Killed a profane servitor
 25385 | Abyss:3  | Found a corrupted altar of Lugonu.
 25451 | Abyss:3  | Found a corrupted altar of Lugonu.
 25490 | Elf:3    | Escaped the Abyss
 25621 | Elf:3    | Noticed a deep elf blademaster
 25628 | Elf:3    | Killed a deep elf blademaster
 25656 | Elf:3    | Reached skill level 15 in Shields
 25716 | Elf:3    | Noticed a deep elf master archer
 25726 | Elf:3    | Killed a deep elf master archer
 25786 | Elf:3    | Lost mutation: Your flesh is cold resistant. (rC+) [Jiyva's
                  | grace]
 25786 | Elf:3    | Lost mutation: Your magical capacity is low. (-10% MP)
                  | [Jiyva's grace]
 25786 | Elf:3    | Lost mutation: Your gelatinous body deflects attacks. (AC
                  | +3, EV +3) [Jiyva's grace]
 25786 | Elf:3    | Lost mutation: Your pliable body absorbs attacks. (AC +2,
                  | EV +2) [Jiyva's grace]
 25786 | Elf:3    | Gained mutation: You have a small jelly attached to you
                  | that senses nearby items. [Jiyva's grace]
 25786 | Elf:3    | Gained mutation: Your melee attacks may engulf your foes in
                  | ooze. [Jiyva's grace]
 25786 | Elf:3    | Gained mutation: You have large cloven feet. [Jiyva's
                  | grace]
 25786 | Elf:3    | Gained mutation: You have hoof-like feet. [Jiyva's grace]
 25801 | Elf:3    | Identified the +2 hand axe of Uficra {freeze, Int+2}
 25801 | Elf:3    | Identified the ring of the Ancients {rN+ rCorr Str+6}
 25864 | Elf:3    | Identified the staff of air "Gojopluf" {rElec Will+}
 25886 | Elf:3    | Found the +5 Storm Queen's Shield {shock, Fly rElec}
 25923 | Elf:3    | Identified the ring of Foibuo {Fly rC++ EV+5 Str-5}
 26226 | Shoals:2 | Reached skill level 11 in Spellcasting
 26248 | Shoals:2 | Gained mutation: You sometimes emit foul miasma when
                  | damaged in melee. [demonic ancestry]
 26248 | Shoals:2 | Reached XP level 18. HP: 134/134 MP: 3/33
 27181 | Orc:2    | Bought a +6 ring of intelligence for 648 gold pieces
 27379 | Shoals:3 | Reached skill level 12 in Spellcasting
 27463 | Shoals:3 | Found Muomid's General Store.
 27512 | Shoals:3 | Bought a potion of curing for 36 gold pieces
 27922 | Shoals:3 | Reached skill level 13 in Spellcasting
 28269 | Shoals:4 | Entered Level 4 of the Shoals
 28499 | Shoals:4 | Noticed Polyphemus
 28513 | Shoals:4 | Killed Polyphemus
 28619 | Shoals:4 | Noticed Kirke
 28690 | Shoals:4 | Identified the staff of air "Fujeuxu" {Contam rElec rF++
                  | Int+2 SInv}
 28893 | Shoals:4 | Reached skill level 14 in Spellcasting
 29134 | Shoals:4 | Killed Kirke
 29152 | Shoals:4 | Got a barnacled rune of Zot
 29521 | Vaults:1 | Entered Level 1 of the Vaults
 29620 | Vaults:1 | Lost mutation: You have hoof-like feet. [Jiyva's grace]
 29620 | Vaults:1 | Lost mutation: Your mind is acute. (Int +4, Str/Dex -1)
                  | [Jiyva's grace]
 29620 | Vaults:1 | Lost mutation: You are covered in slimy tendrils that may
                  | disarm your opponents. [Jiyva's grace]
 29620 | Vaults:1 | Gained mutation: Your mind is acute. (Int +4, Str/Dex -1)
                  | [Jiyva's grace]
 29620 | Vaults:1 | Gained mutation: Your mind is very acute. (Int +8, Str/Dex
                  | -2) [Jiyva's grace]
 29620 | Vaults:1 | Gained mutation: Your movements are slightly less
                  | encumbered by armour. (ER -2) [Jiyva's grace]
 29620 | Vaults:1 | Gained mutation: Your movements are less encumbered by
                  | armour. (ER -4) [Jiyva's grace]
 29630 | Vaults:1 | Learned a level 8 spell: Maxwell's Capacitive Coupling
 29687 | Vaults:1 | Reached XP level 19. HP: 127/140 MP: 30/37
 29822 | Vaults:1 | Noticed Nikola
 29838 | Vaults:1 | Killed Nikola
 30010 | Vaults:1 | Reached skill level 15 in Conjurations
 30011 | Vaults:1 | Reached skill level 15 in Spellcasting
 30042 | Vaults:1 | Identified the +0 pair of boots of Bassy {*Slow Int+5 Dex+8
                  | Stlth-}
 30867 | Vaults:2 | Noticed Frederick
 30877 | Vaults:2 | Killed Frederick
 31046 | Vaults:2 | Noticed Jory
 31060 | Vaults:2 | Killed Jory
 31061 | Vaults:2 | Reached skill level 16 in Spellcasting
 31518 | Vaults:2 | Found Poiwil's Antique Armour Boutique.
 31816 | Vaults:2 | Learned a level 6 spell: Statue Form
 31884 | Vaults:3 | Lost mutation: You are agile. (Dex +4, Str/Int -1) [Jiyva's
                  | grace]
 31884 | Vaults:3 | Lost mutation: Your mind is very acute. (Int +8, Str/Dex
                  | -2) [Jiyva's grace]
 31884 | Vaults:3 | Lost mutation: Your spells are a little harder to cast, but
                  | a little more powerful. [Jiyva's grace]
 31884 | Vaults:3 | Lost mutation: Armour fits poorly on your pseudopods.
                  | [Jiyva's grace]
 31884 | Vaults:3 | Lost mutation: You have a small jelly attached to you that
                  | senses nearby items. [Jiyva's grace]
 31884 | Vaults:3 | Lost mutation: Your movements are less encumbered by
                  | armour. (ER -4) [Jiyva's grace]
 31884 | Vaults:3 | Lost mutation: Your melee attacks may engulf your foes in
                  | ooze. [Jiyva's grace]
 31884 | Vaults:3 | Gained mutation: You are agile. (Dex +4, Str/Int -1)
                  | [Jiyva's grace]
 31884 | Vaults:3 | Gained mutation: You are very agile. (Dex +8, Str/Int -2)
                  | [Jiyva's grace]
 31884 | Vaults:3 | Gained mutation: Armour fits poorly on your pseudopods.
                  | [Jiyva's grace]
 31884 | Vaults:3 | Gained mutation: Armour fits poorly on your large
                  | pseudopods. [Jiyva's grace]
 32153 | Vaults:3 | Noticed Mennas
 32165 | Vaults:3 | Mangled by Mennas

Illustrated notes

Levels and vault maps discovered:
D:1:      dpeg_arrival_pond, layout_rooms
D:2:      layout_loops_cross, dreamdust_ecumenical_altar_statues,
          minmay_pentomino_u2, uniq_robin
D:3:      layout_basic
D:4:      layout_cave_pools, ebering_ghost_reflecting_pool,
          gup_sewer_entry_bubbles
D:5:      layout_basic, mainiacjoe_overflow_chevrons, serial_shops,
          nicolae_shop_advertising_works [nicolae_subvault_shop_adworks],
          nicolae_shop_stone, uniq_sigmund
D:6:      layout_layer_cave, uniq_maggie, uniq_grinder
D:7:      cheibrodos_iron_armory, layout_basic,
          lemuel_mausoleum_altar_yredelemnul,
          minmay_temple_entry_drinking_statues, nicolae_nh_oracle_at_delphi
D:8:      layout_cave_pools, nicolae_shop_clearance
D:9:      layout_stronghold, cheibriados_altar_1
D:10:     layout_irregular_city, enter_bailey_3, uniq_erolcha, uniq_sonja
D:11:     layout_loops_cross, lair_entry_dummy, zin_purify
D:12:     layout_rooms, orc_0_dummy, kennysheep_doodads, uniq_maurice
D:13:     layout_loops_corners, david_vaults_3, minmay_protected_statue
D:14:     layout_rooms, hangedman_abyss_or_decor_stabs,
          nicolae_trove_entry_crystal
D:15:     grunt_enter_depths_giant_problem, layout_basic,
          nicolae_ru_awakened_eye, serial_shops, nicolae_shop_stone, uniq_rupert
Lair:1:   layout_hall_layers, basic_altar, uniq_grum
Lair:2:   layout_cave_pods, nicolae_shoals_entry_flooding,
          minmay_snake_entry_guardpost_small, gammafunk_ghost_grave,
          grunt_megastairs_4, uniq_erica, uniq_fannar
Lair:3:   layout_regular_city
Lair:4:   layout_layer_cave, slime_entry_1
Lair:5:   gammafunk_lair_ancient_temple, layout_misc_corridors,
          nicolae_volcano_entry_two_sided, hangedman_lair_unloving_vines,
          hellmonk_guarded_unrand_vines
Shoals:1: layout_shoals, nicolae_shoals_square_sea_wall, nicolae_shop_gadgets,
          uniq_roxanne
Shoals:2: layout_shoals, nicolae_shoals_kraken_intersection
Shoals:3: layout_shoals, serial_shops, nicolae_stop_n_shop_2,
          nicolae_shoals_isolated_beach
Shoals:4: shoals_end_hellmonk_lost_city, serial_shops, uniq_polyphemus,
          uniq_kirke
Slime:1:  layout_caves, cheibrodos_slime_lost_civilization_5, uniq_donald
Slime:2:  layout_caves
Slime:3:  layout_caves
Slime:4:  layout_caves
Slime:5
Orc:1:    layout_caves, serial_shops, shop_statue, nicolae_shop_self_help
Orc:2:    st_orc_mages, layout_caves
Elf:1:    eino_elf_arrival_the_gate, layout_onion_city,
          hangedman_elven_crosses_minicolossus, minmay_misc_feat_diagonals
Elf:2:    nicolae_elf_blades_crystal_corner, layout_geoelf_octagon
Elf:3:    minmay_elf_hall_four_x, layout_geoelf_grid, amcnicky_mini_pool_small,
          nicolae_elf_free_trip_to_the_abyss, minmay_shop_grove
Vaults:1: nicolae_vaults_yaktaur_gun_rack, nicolae_vaults_little_squares_5,
          nicolae_vaults_little_squares_4, hangedman_vaults_capsules,
          nicolae_vaults_ring_of_whatevers, nicolae_vaults_asterisk,
          nicolae_vaults_network_star, hangedman_vaults_nodes,
          grunt_vaults_twisty, vaults_room_ringed_pool,
          vaults_room_grunt_arrival_ludios, layout_vaults_omnibox, uniq_nikola
Vaults:2: nicolae_vaults_angled_halls, nicolae_vaults_little_squares_3,
          grunt_vaults_swirl, nicolae_vaults_rhombus_5,
          nicolae_vaults_border_crossing, hangedman_vaults_pinch,
          ontoclasm_vaults_idyll, layout_vaults_omnigrid, serial_shops, shop,
          uniq_jory, uniq_frederick
Vaults:3: ontoclasm_vaults_eye, vaults_standard_mumra_lines,
          vaults_mumra_hexcomb, hangedman_vaults_stitches, vaults_dpeg_ring,
          hangedman_vaults_stream, grunt_vaults_trifunnel,
          ontoclasm_vaults_decontamination, v_misc_23, serial_ice_g,
          dpeg_vaults_pockets_of_resistance, layout_vaults_maze,
          blue_anna_dwarven_crypt, uniq_mennas

Skill      XL: |  1  2  3  4  5  6  7  8  9 10 11 12 13 14 15 16 17 18 19 |
---------------+----------------------------------------------------------+-----
Poison Magic   | 4 5 6 7 10 11 | 11.0
Conjurations   | 1 2 3 9 11 13 14 15 | 15.9
Air Magic      | 1 2 3 7 10 12 14 | 14.7
Dodging        | 2 3 5 6 7 9 10 | 10.0
Fighting       | 1 3 5 6 7 9 10 | 10.0
Armour         | 1 3 4 |  4.0
Spellcasting   | 3 5 7 9 10 11 14 16 | 16.4
Shields        | 1 2 4 12 15 | 15.0
Transmutations | 7 8 |  8.0
Earth Magic    | 5 |  5.0
Stealth        | |  1.7

Action                     |  1- 3 |  4- 6 |  7- 9 | 10-12 | 13-15 | 16-18 | 19-21 || total
---------------------------+-------+-------+-------+-------+-------+-------+-------++-------
  Melee: Unarmed           |     6 |       |       |       |       |       |       ||     6
         Club              |     8 |       |       |       |       |       |       ||     8
         Short sword       |    11 |    17 |       |       |       |       |       ||    28
         Dagger            |       |    70 |   119 |    87 |   132 |       |       ||   408
         Punch             |       |       |     2 |     2 |       |       |       ||     4
         Kick              |       |       |       |       |   107 |       |       ||   107
         Staff             |       |       |       |       |   149 |   137 |    13 ||   299
         Pseudopods        |       |       |       |       |     8 |    48 |     5 ||    61
   Cast: Sting             |    40 |    68 |    48 |    15 |     1 |       |       ||   172
         Poisonous Vapours |    33 |    82 |    43 |    15 |    14 |   103 |    33 ||   323
         Olgreb's Toxic Ra |       |       |    24 |    65 |   161 |    87 |    26 ||   363
         Mephitic Cloud    |       |       |     3 |     6 |     3 |       |       ||    12
         Arcjolt           |       |       |       |     9 |   104 |     4 |     5 ||   122
         Eringya's Noxious |       |       |       |       |    14 |    14 |     5 ||    33
         Iron Shot         |       |       |       |       |     5 |   244 |    59 ||   308
         Ignite Poison     |       |       |       |       |       |   155 |    70 ||   225
         Apportation       |       |       |       |       |       |     1 |       ||     1
         Maxwell's Capacit |       |       |       |       |       |       |     3 ||     3
         Sublimation of Bl |       |       |       |       |       |       |     2 ||     2
         Swiftness         |       |       |       |       |       |       |     1 ||     1
  Evoke: Wand              |       |       |     3 |     2 |     2 |    10 |       ||    17
    Use: Scroll            |     2 |     6 |       |    12 |     7 |     6 |     3 ||    36
         Potion            |       |       |       |     1 |     4 |       |       ||     5
   Stab: Sleeping          |       |     1 |     5 |     1 |     4 |     1 |       ||    12
         Invisible         |       |       |     1 |       |       |       |       ||     1
         Distracted        |       |       |     1 |       |       |       |       ||     1
         Confused          |       |       |       |     2 |       |       |       ||     2
 Armour: Robe              |    19 |    10 |       |       |    21 |    27 |     3 ||    80
         Leather armour    |       |    18 |    19 |    14 |    46 |       |       ||    97
  Dodge: Dodged            |    46 |    55 |    66 |   100 |   436 |   318 |    33 ||  1054
  Block: Buckler           |       |       |       |     5 |   161 |     8 |       ||   174
         Kite shield       |       |       |       |       |       |   307 |    78 ||   385

Table legend: (Time is in decaauts)
 A = Elapsed time spent in this place.
 B = Non-inter-level travel time spent in this place.
 C = Inter-level travel time spent in this place.
 D = Time resting spent in this place.
 E = Time spent auto-exploring this place.
 F = Levels seen in this place.
 G = Mean time per level.
                   A        B        C        D        E       F      G
               +--------+--------+--------+--------+--------+-----+--------+
         Total |  32470 |  29473 |   2997 |   1449 |  20144 |  43 |  755.1 |
       Dungeon |  14892 |  13438 |   1454 |   1007 |   9390 |  15 |  992.8 |
          Lair |   5318 |   4620 |    698 |      6 |   3601 |   5 | 1063.6 |
        Shoals |   3636 |   3367 |    269 |    198 |   2061 |   4 |  909.0 |
    Slime Pits |    341 |    266 |     75 |     46 |     90 |   5 |   68.2 |
  Orcish Mines |   1041 |    843 |    198 |      3 |    682 |   2 |  520.5 |
   Elven Halls |   2894 |   2682 |    212 |    108 |   1664 |   3 |  964.7 |
        Vaults |   2646 |   2555 |     91 |     24 |   1993 |   3 |  882.0 |
         Abyss |    738 |    738 |      0 |     32 |    238 |   2 |  369.0 |
         Trove |     78 |     78 |      0 |      0 |      0 |   1 |   78.0 |
         Sewer |    429 |    429 |      0 |      0 |    254 |   1 |  429.0 |
        Bailey |    299 |    299 |      0 |     25 |    121 |   1 |  299.0 |
       Volcano |    153 |    153 |      0 |      0 |     49 |   1 |  153.0 |
               +--------+--------+--------+--------+--------+-----+--------+

Top non-repeatable levels by time:
     D:1: 1560 daAuts
     D:2: 1424 daAuts
  Lair:2: 1406 daAuts
     D:3: 1319 daAuts
     D:6: 1258 daAuts
Vaults:1: 1219 daAuts
   Elf:3: 1209 daAuts
   Elf:1: 1204 daAuts
     D:9: 1154 daAuts
Vaults:2: 1120 daAuts
  Lair:4: 1112 daAuts
     D:5: 1058 daAuts
Shoals:4: 1041 daAuts
  Lair:1: 1038 daAuts
  Lair:5: 929 daAuts
